 Dungeon Crawl Stone Soup version 0.29-a0-509-g793eeb5391 (webtiles) character file.

Game seed: 18397039829922279379

69 LabCoat the Skirmisher (level 4, 0/40 HPs)
             Began as a Hill Orc Fighter on May 29, 2022.
             Slain by an orc
             ... wielding a +0 hand axe
              (1 damage)
             ... on level 3 of the Dungeon.
             The game lasted 00:08:08 (2334 turns).

LabCoat the Skirmisher (Hill Orc Fighter)           Turns: 2334, Time: 00:08:09

Health: 0/40       AC: 12    Str: 20    XL:     4   Next: 20%
Magic:  4/4        EV:  9    Int:  8    God:
Gold:   151        SH:  4    Dex: 10    Spells: 3/3 levels left

rFire   . . .      SeeInvis +   a - +0 war axe
rCold   . . .      Faith    .   c - +0 buckler
rNeg    . . .      Spirit   .   t - +3 scale mail
rPois   .          Reflect  .   i - +0 helmet
rElec   .          Harm     .   v - +0 cloak
rCorr   .          Rampage  .   (no gloves)
Will    .....                   (no boots)
Stlth   ..........              (no amulet)
HPRegen 0.13/turn               j - ring of flight
MPRegen 0.09/turn               u - ring of see invisible

@: mighty, flying
A: no striking features
a: Convert to Beogh


You were on level 3 of the Dungeon.
You visited 1 branch of the dungeon, and saw 3 of its levels.

You collected 173 gold pieces.
You spent 22 gold pieces at shops.

Inventory:

Hand Weapons
 a - a +0 war axe (weapon)
 b - a +0 mace
 g - a +0 dagger
 r - a +0 hunting sling
Missiles
 e - 7 boomerangs (quivered)
Armour
 c - a +0 buckler (worn)
 i - a +0 helmet (worn)
 t - a +3 scale mail (worn)
 v - a +0 cloak (worn)
Jewellery
 j - a ring of flight (left hand)
 u - a ring of see invisible (right hand)
Wands
 h - a wand of mindburst (16)
Scrolls
 k - a scroll of amnesia
 l - a scroll of teleportation
 n - a scroll of vulnerability {unknown}
 p - a scroll of immolation {unknown}
 q - a scroll of noise {unknown}
 s - a scroll of poison {unknown}
Potions
 d - a potion of might
 f - a potion of attraction
 m - 2 potions of brilliance {unknown}
 o - a potion of curing {unknown}


   Skills:
 + Level 4.1 Fighting
 + Level 4.0 Axes
 + Level 3.8 Armour
 + Level 0.1 Dodging
 + Level 3.8 Shields


You had 3 spell levels left.
You didn't know any spells.
Your spell library contained the following spells:

 Spells                   Type           Power      Damage    Failure   Level
 Gell's Gravitas          Tloc           0%         N/A       99%         3
 Lesser Beckoning         Tloc           0%         N/A       99%         3
 Teleport Other           Tloc           0%         N/A       99%         3
 Cause Fear               Hex            0%         N/A       100%        4
 Dragon Form              Tmut           0%         N/A       100%        7
 Dragon's Call            Summ           0%         N/A       100%        9


Dungeon Overview and Level Annotations

Branches:
Dungeon (3/15)

Altars:
Beogh

Shops:
D:1 ?   D:2 *


Message History

You kill the orc!
You barely miss the orc priest. You barely miss the orc.
The orc priest hits you with a +0 hand axe.
The orc hits you with a +0 flail. The orc hits you with a +0 dagger.
The orc priest calls down the wrath of Beogh upon you.
Beogh smites you!
You are too injured to fight recklessly!
Okay, then.
You are a level 4 Hill Orc Fighter.
You are 13% of the way to level 5.
Play time: 00:07:45 (2331 turns).
Zot will find you in 15633 turns if you stay in this branch and explore no new floors.
Unknown command.
Unknown command.
You are a level 4 Hill Orc Fighter.
You are 13% of the way to level 5.
Play time: 00:07:53 (2331 turns).
Zot will find you in 15633 turns if you stay in this branch and explore no new floors.
You feel very mighty all of a sudden. The orc priest barely misses you.
The orc barely misses you. x2
You are too injured to fight recklessly!
You are too injured to fight recklessly!
You slash the orc priest!
The orc priest is almost dead.
You hit the orc. You slash the orc!
You kill the orc!
The orc closely misses you. The orc priest misses you.
You barely miss the orc priest.
The orc priest is almost dead.
You slash the orc!
You kill the orc!
You closely miss the orc.
The orc priest shouts, "Surrender to Beogh and we'll let you live!"
The orc hits you with a +0 flail. You block the orc priest's attack.
You closely miss the orc priest.
The orc priest is almost dead.
You barely miss the orc. x2
The orc priest calls down the wrath of Beogh upon you.
Beogh smites you!
* * * LOW HITPOINT WARNING * * *
The orc hits you but does no damage. The orc hits you with a +0 hand axe.
You die...

#### ##.$.# #?8$8o###
# #######_..oo@.##
#####.....#.8.8o#..#
....#.###.##..$##..#
###.#.# #.######...#
###.#.# #.#........#
....#.# #.#........###
.####.# #.#..........#
....#.###'#.#.######.#
.................# #.#


You could see 2 orc priests and 2 orcs.

Vanquished Creatures
  2 adders (D:2)
  A worm (D:2)
  A dart slug (D:2)
  8 orcs (D:3)
  5 endoplasms
  2 giant cockroaches
  4 goblins
  2 hobgoblins (D:2)
  A jackal (D:1)
  A quokka (D:3)
  2 ball pythons (D:1)
  2 bats
  2 frilled lizards
  2 kobolds (D:2)
  3 rats (D:3)
38 creatures vanquished.

Notes
Turn   | Place    | Note
-------+----------+-------------------------------------------
     0 | D:1      | LabCoat the Hill Orc Fighter began the quest for the Orb.
     0 | D:1      | Reached XP level 1. HP: 19/19 MP: 1/1
   139 | D:1      | Found a faded altar of an unknown god.
   317 | D:1      | Reached XP level 2. HP: 23/27 MP: 2/2
   519 | D:1      | Found Ura Umow's Magic Scroll Shoppe.
   535 | D:1      | Bought a scroll of identify for 22 gold pieces
  1058 | D:2      | Reached XP level 3. HP: 24/33 MP: 3/3
  1519 | D:2      | Found Afunotwe's General Store.
  2024 | D:3      | Reached XP level 4. HP: 40/40 MP: 4/4
  2327 | D:3      | Found a roughly hewn altar of Beogh.
  2334 | D:3      | HP: 1/40 [orc priest/divine providence (13)]
  2334 | D:3      | Slain by an orc

Illustrated notes

Levels and vault maps discovered:
D:1:      dpeg_chamrin_arrival_tetris, layout_rooms,
          shapermc_ecumenical_altar_starsandcircs, serial_forest,
          infiniplex_forest_clump_diagonal, infiniplex_forest_straight_2,
          infiniplex_forest_clump_C, infiniplex_forest_straight_4,
          infiniplex_forest_clump_curved, infiniplex_forest_clump_tiny,
          infiniplex_forest_lined_2, infiniplex_forest_lined_3_way,
          serial_shops, nicolae_shop_advertising_works
          [nicolae_subvault_shop_adworks], st_stairs_14
D:2:      layout_loops_cross, serial_shops, shop, nrook_loot_triangle,
          minmay_misc_feat_rows
D:3:      layout_basic, grunt_ministairs_1, kennysheep_orc_chapel

Skill      XL: |  1  2  3  4 |
---------------+-------------+-----
Axes           | 3 4 |  4.0
Fighting       | 4 |  4.1
Armour         | |  3.8
Dodging        | |  0.1
Shields        | |  3.8

Action                   |  1- 3 |  4- 6 || total
-------------------------+-------+-------++-------
Melee: War axe           |    88 |    15 ||   103
  Use: Scroll            |     3 |       ||     3
       Potion            |       |     1 ||     1
Armor: Scale mail        |    48 |     8 ||    56
Dodge: Dodged            |    40 |    10 ||    50
Block: Buckler           |    22 |     2 ||    24

Table legend: (Time is in decaauts)
 A = Elapsed time spent in this place.
 B = Non-inter-level travel time spent in this place.
 C = Inter-level travel time spent in this place.
 D = Time resting spent in this place.
 E = Time spent auto-exploring this place.
 F = Levels seen in this place.
 G = Mean time per level.
                   A        B        C        D        E       F      G
               +--------+--------+--------+--------+--------+-----+--------+
         Total |   2370 |   2317 |     53 |    129 |   1831 |   3 |  790.0 |
       Dungeon |   2370 |   2317 |     53 |    129 |   1831 |   3 |  790.0 |
               +--------+--------+--------+--------+--------+-----+--------+

Top non-repeatable levels by time:
     D:2: 887 daAuts
     D:1: 777 daAuts
     D:3: 704 daAuts
